 Dungeon Crawl Stone Soup version 0.27-a0-972-gd1521fd518 (webtiles) character file.

Game seed: 12446276068249297516

5354 kae the Martial Artist (level 10, -9/107 HPs)
             Began as a White Draconian Transmuter on Apr 13, 2021.
             Was a Follower of Ru.
             Mangled by a two-headed ogre
             ... wielding a +0 giant club
              (15 damage)
             ... on level 8 of the Dungeon.
             The game lasted 00:07:49 (13010 turns).

kae the Martial Artist (DrTm)                      Turns: 13010, Time: 00:07:50

Health: -9/107     AC:  7    Str: 13    XL:     10   Next: 38%
Magic:  0/18       EV: 10    Int: 15    God:    Ru [*.....]
Gold:   897        SH:  0    Dex: 19    Spells: 6/19 levels left

rFire    . . .     SeeInvis .     - Unarmed
rCold    + . .     Faith    .   (shield currently unavailable)
rNeg     . . .     Spirit   +   (armour unavailable)
rPois    +         Reflect  .   (helmet currently unavailable)
rElec    .         Harm     .   (cloak currently unavailable)
rCorr    .         Rampage  .   (gloves currently unavailable)
Will     .....                  (boots currently unavailable)
Stlth    ++........             m - amulet of guardian spirit
HPRegen  0.27/turn              d - ring of protection from cold
MPRegen  0.16/turn              v - +6 ring of dexterity

@: hydra-form
A: fast swimmer, devour, amphibious, boosted hp, (breathe frost), AC +7, very
large, unfitting armour, (cold resistance 1), (cold-blooded), hated by all
a: End Transformation, Renounce Religion


You were on level 8 of the Dungeon.
You worshipped Ru.
Ru was aware of your devotion.
You were a two-headed hydra.
You visited 2 branches of the dungeon, and saw 9 of its levels.

You collected 897 gold pieces.

Inventory:

Armour
 f - a +0 cloak
 g - a +0 pair of gloves (melded)
 x - the +1 cloak of Tartarus (melded) {rElec Dex+2 Stlth+}
   (You found it on level 8 of the Dungeon)

   It affects your dexterity (+2).
   It insulates you from electricity.
   It makes you more stealthy.
Jewellery
 d - a ring of protection from cold (left foreclaw)
 m - an amulet of guardian spirit (around neck)
 o - a ring of positive energy
 v - a +6 ring of dexterity (right foreclaw)
Wands
 n - a wand of flame (62)
 p - a wand of iceblast (27)
Scrolls
 q - a scroll of magic mapping
 r - a scroll of enchant weapon {unknown}
 t - 2 scrolls of teleportation
 y - a scroll of acquirement {unknown}
Potions
 b - a potion of brilliance
 c - a potion of attraction
 e - 2 potions of invisibility
 h - a potion of heal wounds
 i - 3 potions of flight
 j - a potion of berserk rage
 k - a potion of lignification {unknown}
 l - a potion of might {unknown}
 s - a potion of resistance {unknown}
 u - a potion of magic {unknown}
 w - a potion of degeneration {unknown}
 z - a potion of cancellation {unknown}


   Skills:
 + Level 6.1 Fighting
 + Level 5.3 Dodging
 * Level 8.5 Unarmed Combat
 + Level 5.3 Spellcasting
 * Level 8.1 Transmutations
 - Level 5.0 Ice Magic
 - Level 2.0 Poison Magic


You had 6 spell levels left.
You knew the following spells:

 Your Spells              Type           Power      Damage    Failure   Level
a - Beastly Appendage     Tmut           56%        N/A       1%          1
b - Spider Form           Tmut/Pois      9%         N/A       6%          3
c - Ice Form              Ice/Tmut       23%        N/A       11%         4
d - Hydra Form            Tmut           14%        N/A       16%         5

Your spell library contained the following spells:

 Spells                   Type           Power      Damage    Failure   Level
 Wereblood                Tmut           28%        N/A       1%          2
 Apportation              Tloc           8%         N/A       16%         1
 Corona                   Hex            4%         N/A       16%         1
 Magic Dart               Conj           16%        1d3       16%         1
 Blink                    Tloc           N/A        N/A       24%         2
 Slow                     Hex            4%         N/A       24%         2
 Mephitic Cloud           Conj/Pois/Air  6%         N/A       34%         3
 Conjure Flame            Conj/Fire      4%         6-21      43%         3
 Animate Skeleton         Necr           Unusable   N/A       N/A         1
 Summon Small Mammal      Summ           Unusable   N/A       N/A         1
 Call Imp                 Summ           Unusable   N/A       N/A         2

Dungeon Overview and Level Annotations

Branches:
Dungeon (8/15)             Temple (1/1) D:6
   Lair: D:8-11

Altars:
Ashenzari
Cheibriados
Dithmenos
Elyvilon
Fedhas
Gozag
Hepliaklqana
Kikubaaqudgha
Makhleb
Nemelex Xobeh
Okawaru
Qazlal
Ru
Sif Muna
Trog
Uskayaw
Vehumet
Wu Jian
Xom
Yredelemnul
Zin
The Shining One


Innate Abilities, Weirdness & Mutations

You are a two-headed hydra.
You swim very quickly.
You can devour living enemies to heal.
You are amphibious.
Your maximum health is greatly increased.
Your armour is entirely melded.
You are incapable of wielding weapons or throwing items.
((You can breathe waves of freezing cold which knock back foes.))
((Your icy white scales are hard. (AC +7)))
You cannot fit into any form of body armour.
((Your flesh is cold resistant. (rC+)))
((You are cold-blooded and may be slowed by cold attacks.))
You are hated by all.


Message History

A two-headed ogre is nearby!
A two-headed ogre is nearby!
The two-headed ogre shouts in stereo!
What are your orders? t - Shout!
Orders for allies: a - Attack new target. r - Retreat! s - Stop attacking. g - Guard the area. f - Follow me.
Anything else - Cancel.
You shout for attention!
You start waiting.
A two-headed ogre is nearby!
Casting: Hydra Form (dangerous; 16% risk of failure)
Confirm with . or Enter, or press ? or * to list all spells.
You turn into a two-headed hydra.
The +1 cloak of Tartarus {rElec Dex+2 Stlth+} melds into your body.
Your +0 pair of gloves melds into your body.
You nip at the two-headed ogre but do no damage.
The two-headed ogre hits you with a +0 giant club!!
The two-headed ogre hits you with a +0 dire flail!
You gouge the two-headed ogre!!
The two-headed ogre is moderately wounded.
You bite the two-headed ogre!
The two-headed ogre is heavily wounded.
The two-headed ogre hits you with a +0 giant club!
The two-headed ogre hits you with a +0 dire flail!
You bite the two-headed ogre!
The two-headed ogre is severely wounded.
The two-headed ogre hits you with a +0 giant club!!
* * * LOW HITPOINT WARNING * * *
The two-headed ogre hits you with a +0 dire flail.
* * * LOW HITPOINT WARNING * * *
You bite the two-headed ogre!
The two-headed ogre is almost dead.
You barely miss the two-headed ogre.
The two-headed ogre is almost dead.
The two-headed ogre hits you with a +0 giant club!
* * * LOW HITPOINT WARNING * * *
The two-headed ogre hits you with a +0 dire flail!
You die...

...#.......######### #.......#
...#.......# #.......#
..#####################.......#
..# #...)............#.......#
..# #................#.......#
..####..#####..#####..#.......#
..'.(#......#..#......#.......#
..##.#......#..#.....)#.####'##
..##.#####..#..#DO#####.# #.#
####.#......#..#.[....#.# #.#
#.#......#..#......#.####'####
#.#..#####..#####..#.#........
#.#..)...#..#..O...#.#........
#.#......#..#......#.#........
#.#####..#.[#..#####.#........
#.#....).#..#......#.#......[.
#.#......#..#..)...#.#........


You could see a two-headed ogre.

Vanquished Creatures
  A manticore (D:8)
  A hornet (D:8)
  A steam dragon (D:8)
  11 yaks
  2 water moccasins
  An orc warrior (D:6)
  A sky beast (D:8)
  An ogre (D:4)
  An ice beast (D:8)
  2 necrophages
  2 centaurs (D:8)
  2 bullfrogs
  A kobold brigand (D:6)
  3 scorpions
  A killer bee (D:8)
  10 wights (D:8)
  3 howler monkeys (D:4)
  A bullfrog zombie (D:6)
  A centaur zombie (D:8)
  5 jellies
  A hound (D:4)
  Crazy Yiuf (D:4)
  A bullfrog skeleton (D:7)
  A centaur skeleton (D:5)
  3 gnoll shamans
  4 orc priests
  3 iguanas
  7 orc wizards
  A killer bee zombie (D:6)
  A hound skeleton (D:4)
  17 gnolls
  12 adders
  A shadow imp (D:8)
  2 white imps
  3 ufetubi
  2 worms
  6 dart slugs
  14 orcs
  6 bats
  6 endoplasms
  4 giant cockroaches
  11 goblins
  11 hobgoblins
  8 jackals
  9 kobolds
  4 quokkas
  15 ball pythons
  4 frilled lizards
  8 rats
217 creatures vanquished.

Vanquished Creatures (others)
  3 fungi (D:1)
  6 plants (D:1)
9 creatures vanquished.

Grand Total: 226 creatures vanquished

Notes
Turn   | Place    | Note
-------+----------+-------------------------------------------
     0 | D:1      | kae the Draconian Transmuter began the quest for the Orb.
     0 | D:1      | Reached XP level 1. HP: 16/16 MP: 3/3
   419 | D:1      | Reached XP level 2. HP: 22/23 MP: 3/5
   896 | D:1      | Reached XP level 3. HP: 24/28 MP: 4/6
   914 | D:1      | Learned a level 3 spell: Spider Form
   977 | D:1      | You fall into a shaft and drop 1 floor!
  1173 | D:1      | Found a faded altar of an unknown god.
  1587 | D:2      | HP: 1/28 [poisoned by an adder]
  2004 | D:2      | Reached XP level 4. HP: 20/36 MP: 7/7
  2217 | D:2      | Reached skill level 1 in Poison Magic
  2988 | D:2      | Reached XP level 5. HP: 41/41 MP: 4/8
  3557 | D:3      | Found a radiant altar of Vehumet.
  4040 | D:4      | Reached XP level 6. HP: 48/50 MP: 9/9
  5031 | D:4      | Your scales start taking on an icy white colour.
  5031 | D:4      | Reached XP level 7. HP: 31/57 MP: 9/11
  5031 | D:4      | Gained mutation: Your flesh is cold resistant. (rC+) [White
                  | Draconian growth]
  5049 | D:4      | Reached skill level 5 in Unarmed Combat
  5819 | D:4      | Found a runed translucent door.
  5820 | D:4      | Noticed Crazy Yiuf
  6055 | D:4      | Learned a level 4 spell: Ice Form
  6127 | D:4      | Killed Crazy Yiuf
  6261 | D:5      | Entered Level 5 of the Dungeon
  6261 | D:5      | Noticed a yak
  6261 | D:5      | Noticed a yak
  6261 | D:5      | Noticed a yak
  6262 | D:5      | Noticed a yak
  6273 | D:4      | Killed a yak
  6406 | D:5      | Reached skill level 5 in Transmutations
  6464 | D:5      | Noticed a yak
  6494 | D:4      | Killed a yak
  6495 | D:4      | Reached XP level 8. HP: 46/66 MP: 7/13
  6955 | D:5      | Reached skill level 1 in Ice Magic
  7330 | D:5      | Reached XP level 9. HP: 67/72 MP: 10/15
  7632 | D:5      | Learned a level 5 spell: Hydra Form
  8203 | D:6      | Found a staircase to the Ecumenical Temple.
  8226 | Temple   | Entered the Ecumenical Temple
  8376 | Temple   | Became a worshipper of Ru the Awakened
  8800 | D:6      | Reached skill level 5 in Fighting
 10079 | D:7      | Gained mutation: You are hated by all. [Ru sacrifice]
 10079 | D:7      | Reached * piety under Ru
 10688 | D:8      | Identified the +1 cloak of Tartarus {rElec Dex+2 Stlth+}
 10806 | D:8      | Found a glowing golden altar of the Shining One.
 11219 | D:8      | Reached skill level 5 in Dodging
 11219 | D:8      | Reached XP level 10. HP: 80/80 MP: 12/17
 11404 | D:8      | Reached skill level 5 in Spellcasting
 11427 | D:8      | Reached skill level 5 in Ice Magic
 12142 | D:8      | Noticed a manticore
 12143 | D:8      | Noticed a two-headed ogre
 12707 | D:8      | Killed a manticore
 13010 | D:8      | Mangled by a two-headed ogre

Illustrated notes

Levels and vault maps discovered:
D:1:      lemuel_arrival_muddy, layout_basic,
          shapermc_ecumenical_altar_mp_ritualfount, minmay_vboxes
D:2:      layout_loops_corners, minmay_mini_jars
D:3:      layout_basic, vehumet_crystals
D:4:      minmay_polygon_palace, layout_basic, uniq_crazy_yiuf_cottage
D:5:      layout_rooms
D:6:      layout_basic, minmay_temple_entry_antechambers
D:7:      layout_cave_pools
D:8:      kennysheep_windowed_halls, layout_basic, tso_metal_star,
          serial_curves, eino_curves_03, eino_curves_02, eino_curves_03,
          eino_curves_01
Temple:   regret_index_temple_chain_breaker

Skill      XL: |  1  2  3  4  5  6  7  8  9 10 |
---------------+-------------------------------+-----
Dodging        | 2 3 4 5 |  5.3
Poison Magic   | 1 2 |  2.0
Transmutations | 3 4 5 6 7 8 |  8.1
Fighting       | 2 3 4 5 6 |  6.1
Unarmed Combat | 4 5 6 7 8 |  8.5
Spellcasting   | 3 4 5 |  5.3
Ice Magic      | 1 4 5 |  5.0

Action                   |  1- 3 |  4- 6 |  7- 9 | 10-12 || total
-------------------------+-------+-------+-------+-------++-------
Melee: Unarmed           |   170 |   213 |   287 |    87 ||   757
       Tailslap          |    14 |    14 |    11 |       ||    39
       Kick              |    17 |    21 |       |       ||    38
       Headbutt          |     4 |    10 |       |       ||    14
       Punch             |     1 |       |     4 |       ||     5
 Cast: Beastly Appendage |    24 |    25 |       |       ||    49
       Spider Form       |       |    11 |    11 |       ||    22
       Ice Form          |       |       |    26 |     5 ||    31
       Hydra Form        |       |       |       |     2 ||     2
Invok: Sacrifice Love    |       |       |     1 |       ||     1
 Abil: Breathe Frost     |       |       |     1 |       ||     1
  Use: Potion            |     3 |       |     2 |     1 ||     6
       Scroll            |       |     3 |     6 |     1 ||    10
 Stab: Sleeping          |       |       |       |     1 ||     1
Armor: Skin              |    44 |    50 |    74 |    20 ||   188
Dodge: Dodged            |   136 |   168 |   173 |    50 ||   527

Table legend: (Time is in decaauts)
 A = Elapsed time spent in this place.
 B = Non-inter-level travel time spent in this place.
 C = Inter-level travel time spent in this place.
 D = Time resting spent in this place.
 E = Time spent auto-exploring this place.
 F = Levels seen in this place.
 G = Mean time per level.
                   A        B        C        D        E       F      G
               +--------+--------+--------+--------+--------+-----+--------+
         Total |  12940 |  12594 |    346 |   1560 |   9286 |   9 | 1437.8 |
       Dungeon |  12785 |  12443 |    342 |   1560 |   9148 |   8 | 1598.1 |
        Temple |    155 |    151 |      4 |      0 |    138 |   1 |  155.0 |
               +--------+--------+--------+--------+--------+-----+--------+

Top non-repeatable levels by time:
     D:4: 2885 daAuts
     D:8: 2663 daAuts
     D:6: 1817 daAuts
     D:2: 1760 daAuts
     D:1: 1541 daAuts
     D:5: 990 daAuts
     D:7: 654 daAuts
     D:3: 471 daAuts
  Temple: 155 daAuts
